 Dungeon Crawl Stone Soup version bcrawl-1.27.3 (webtiles) character file.

Game seed: 3847524159330957947

138078 pasperui the Ducker (level 4, -3/41 HPs)
             Began as a Gnoll Reaver on Sept 8, 2020.
             Was a Follower of Vehumet.
             Slain by Sigmund
             ... wielding a +0 scythe
              (10 damage)
             ... on level 3 of the Dungeon.
             The game lasted 00:05:13 (1813 turns).

pasperui the Ducker (Gnoll Reaver)                  Turns: 1813, Time: 00:05:13

Health: -3/41      AC:  6    Str: 14    XL:     4   Next: 62%
Magic:  5/11       EV: 15    Int: 17    God:    Vehumet [*.....]
Gold:   111        SH:  1    Dex: 13    Spells: 12/13 levels left

rFire    . . .     SeeInvis .   a - +0 long sword
rCold    . . .     Gourm    .   (no shield)
rNeg     . . .     Faith    .   b - +0 steam dragon scales
rPois    .         Spirit   .   (no helmet)
rElec    .         Reflect  .   (no cloak)
rCorr    .         Harm     .   (no gloves)
MR       .....                  g - +0 pair of boots (curse)
Stlth    ++........             (no amulet)
HPRegen  0.13/turn              (no ring)
MPRegen  0.12/turn              (no ring)

@: hasted, very quick
A: distributed training, fangs 1, strong nose
a: Renounce Religion


You were on level 3 of the Dungeon.
You worshipped Vehumet.
Vehumet was aware of your devotion.
You were not hungry.

You visited 1 branch of the dungeon, and saw 3 of its levels.

You collected 111 gold pieces.

Inventory:

Hand Weapons
 a - a +0 long sword (weapon)
 v - a cursed -2 trident
Missiles
 j - 384 sling bullets
 m - a throwing net {=f}
 o - 113 javelins (quivered)
 p - 308 bolts
 s - 332 stones
Armour
 b - +0 steam dragon scales (worn)
 g - a cursed +0 pair of boots (worn)
 r - a +0 pair of boots
Scrolls
 d - a scroll of immolation
 h - 2 scrolls of fear {unknown}
 i - 3 scrolls of remove curse {unknown}
 k - 2 scrolls of identify
 n - a scroll of magic mapping {unknown}
 q - 3 scrolls of amnesia {unknown}
 u - a scroll of fog {unknown}
 w - 2 scrolls of teleportation {unknown}
Potions
 f - a potion of ambrosia {unknown}
 l - 4 potions of curing {unknown}
 t - a potion of resistance {unknown}
Comestibles
 e - 3 rations {!d}
 x - a chunk of flesh


   Skills:
 + Level 6.6 Fighting
 + Level 1.2 Short Blades
 + Level 6.6 Long Blades
 + Level 1.2 Axes
 + Level 1.2 Maces & Flails
 + Level 1.2 Polearms
 + Level 1.2 Staves
 + Level 1.2 Slings
 + Level 1.2 Bows
 + Level 1.2 Crossbows
 + Level 1.2 Throwing
 + Level 1.2 Armour
 + Level 6.6 Dodging
 + Level 1.2 Stealth
 + Level 1.2 Shields
 + Level 1.2 Unarmed Combat
 + Level 5.1 Spellcasting
 + Level 1.0 Conjurations
 + Level 1.0 Hexes
 + Level 1.0 Charms
 + Level 1.0 Summonings
 + Level 1.0 Necromancy
 + Level 1.0 Translocations
 + Level 1.0 Transmutations
 + Level 1.0 Fire Magic
 + Level 1.0 Ice Magic
 + Level 1.0 Air Magic
 + Level 1.0 Earth Magic
 + Level 1.0 Poison Magic
 + Level 1.3 Invocations
 + Level 1.2 Evocations


You had 12 spell levels left.
You knew the following spells:

 Your Spells              Type           Power        Failure   Level  Hunger
a - Shock                 Conj/Air       #....        2%          1    None

Your spell library contained the following spells:

 Spells                   Type           Power        Failure   Level  Hunger
 Iskenderun's Battlesphe  Conj/Chrm      #.......     52%         5    ######.


Dungeon Overview and Level Annotations

Branches:
Dungeon (3/12)

Altars:
Hepliaklqana
Xom

Annotations:
D:3 2 transporters, Sigmund


Innate Abilities, Weirdness & Mutations

Your experience applies equally to all skills.
You have very sharp teeth.
Your uncanny sense of smell can sniff out nearby items.


Message History

Your Earth Magic skill increases to level 1!
Your Poison Magic skill increases to level 1!
Something hits you but does no damage.
Unknown command.
Items here: $ )) [[ † You closely miss something.
Your bite misses something. You miss something. Something hits you!
* * * LOW HITPOINT WARNING * * *
You barely miss something. You closely miss something.
Something closely misses you.
You barely miss something. Something hits you.
* * * LOW HITPOINT WARNING * * *
You hit something. You miss something. Your bite misses something.
Something barely misses you.
Unknown command.
You feel yourself speed up. You block something's attack.
You hit something. You miss something. You bite something. You hit something.
Something hits you!
You die...

∆ . ##. #..
#.#
############
#.#
#........{.#
#.#
#.########@#
###.# #.#
#.# ..@.#
#o#
#......>..
###.# #@#
#..##..###
#.###.# #..#
## #.@...#
#...
##.#####
#.## ##.....
.. ##..# ##


There were no monsters in sight!

Vanquished Creatures
  3 adders (D:3)
  An ooze (D:2)
  A worm (D:2)
  3 dart slugs
  2 leopard geckos
  4 orcs (D:3)
  5 giant cockroaches
  4 goblins (D:2)
  3 hobgoblins
  2 jackals (D:1)
  7 kobolds
  A quokka (D:2)
  2 bats
  2 frilled lizards (D:2)
  5 rats (D:2)
45 creatures vanquished.

Notes
Turn   | Place    | Note
-------+----------+-------------------------------------------
     0 | D:1      | pasperui the Gnoll Reaver began the quest for the Orb.
     0 | D:1      | Reached XP level 1. HP: 23/23 MP: 6/6
   191 | D:1      | Reached XP level 2. HP: 28/29 MP: 7/7
   745 | D:2      | Found a hazy altar of Hepliaklqana.
   755 | D:2      | Noticed Sigmund
   880 | D:2      | Found a shimmering altar of Xom.
   989 | D:2      | Reached XP level 3. HP: 35/35 MP: 9/9
  1057 | D:2      | Found a faded altar of an unknown god.
  1083 | D:2      | Reached skill level 5 in Spellcasting
  1097 | D:2      | Reached * piety under Vehumet
  1097 | D:2      | Offered knowledge of Shock by Vehumet.
  1104 | D:2      | Learned a level 1 spell: Shock
  1147 | D:2      | Reached skill level 1 in Invocations
  1593 | D:3      | Reached skill level 1 in Short Blades
  1593 | D:3      | Reached skill level 1 in Axes
  1593 | D:3      | Reached skill level 1 in Maces & Flails
  1593 | D:3      | Reached skill level 1 in Polearms
  1593 | D:3      | Reached skill level 1 in Staves
  1593 | D:3      | Reached skill level 1 in Slings
  1593 | D:3      | Reached skill level 1 in Bows
  1593 | D:3      | Reached skill level 1 in Crossbows
  1593 | D:3      | Reached skill level 1 in Throwing
  1593 | D:3      | Reached skill level 1 in Armour
  1593 | D:3      | Reached skill level 1 in Stealth
  1593 | D:3      | Reached skill level 1 in Shields
  1593 | D:3      | Reached skill level 1 in Unarmed Combat
  1593 | D:3      | Reached skill level 1 in Evocations
  1602 | D:3      | Reached XP level 4. HP: 38/41 MP: 11/11
  1612 | D:3      | Found a transporter.
  1645 | D:3      | Found a transporter.
  1801 | D:3      | Reached skill level 1 in Conjurations
  1801 | D:3      | Reached skill level 1 in Hexes
  1801 | D:3      | Reached skill level 1 in Charms
  1801 | D:3      | Reached skill level 1 in Summonings
  1801 | D:3      | Reached skill level 1 in Necromancy
  1801 | D:3      | Reached skill level 1 in Translocations
  1801 | D:3      | Reached skill level 1 in Transmutations
  1801 | D:3      | Reached skill level 1 in Fire Magic
  1801 | D:3      | Reached skill level 1 in Ice Magic
  1801 | D:3      | Reached skill level 1 in Air Magic
  1801 | D:3      | Reached skill level 1 in Earth Magic
  1801 | D:3      | Reached skill level 1 in Poison Magic
  1813 | D:3      | Slain by Sigmund

Skill      XL: |  1  2  3  4 |
---------------+-------------+-----
Spellcasting   | 5 |  5.1
Invocations    | 1 |  1.3
Short Blades   | 1 |  1.2
Axes           | 1 |  1.2
Maces & Flails | 1 |  1.2
Polearms       | 1 |  1.2
Staves         | 1 |  1.2
Slings         | 1 |  1.2
Bows           | 1 |  1.2
Crossbows      | 1 |  1.2
Throwing       | 1 |  1.2
Armour         | 1 |  1.2
Stealth        | 1 |  1.2
Shields        | 1 |  1.2
Unarmed Combat | 1 |  1.2
Evocations     | 1 |  1.2
Conjurations   | 1 |  1.0
Hexes          | 1 |  1.0
Charms         | 1 |  1.0
Summonings     | 1 |  1.0
Necromancy     | 1 |  1.0
Translocations | 1 |  1.0
Transmutations | 1 |  1.0
Fire Magic     | 1 |  1.0
Ice Magic      | 1 |  1.0
Air Magic      | 1 |  1.0
Earth Magic    | 1 |  1.0
Poison Magic   | 1 |  1.0
Fighting       | |  6.6
Long Blades    | |  6.6
Dodging        | |  6.6

Action                   |  1- 3 |  4- 6 || total
-------------------------+-------+-------++-------
Melee: Long sword        |   113 |    39 ||   152
       Bite              |    12 |     3 ||    15
 Cast: Shock             |       |     8 ||     8
  Use: Potion            |       |     1 ||     1
 Stab: Sleeping          |     3 |       ||     3
  Eat: Chunk             |     4 |       ||     4
       Ration            |     1 |       ||     1
Armor: Steam dragon scal |    17 |    11 ||    28
Dodge: Dodged            |    80 |    26 ||   106
Block: Other             |     4 |     1 ||     5
